PAA
SUN PRAIRIE SWALLOWS @ BELVEDERE PARK RAWHIDES
08/23/2023
 
TOP OF THE 1ST
Sun Prairie Swallows batting - Pitching for Belvedere Park Rawhides : RHP Álex Carrillo
Pitching: RHP Álex Carrillo
Batting: RHB José Silva 0-0: SINGLE (Flyball, 7LM)
Batting: RHB Bob Wilson 0-0: Ball
1-0: Fly out, F7 (Flyball, 7LM)
Batting: RHB Luis Tapia 0-0: Called Strike
0-1: Called Strike
0-2: SINGLE (Flyball, 89S)
José Silva to second
José Silva to third
Batting: SHB Chris Murray 0-0: Ball
1-0: Called Strike
1-1: Fly out, F5 (Popup, 56S)
Batting: RHB Darby Carveth 0-0: Called Strike
0-1: Ball
1-1: Ball
2-1: Foul Ball, location: 2F
2-2: Foul Ball, location: 2F
2-2: Ball
3-2: Foul Ball, location: 2F
3-2: Strikes out swinging
Top of the 1st over - 0 run(s), 2 hit(s), 0 error(s), 2 left on base; Sun Prairie 0 - Belvedere Park 0
BOTTOM OF THE 1ST
Belvedere Park Rawhides batting - Pitching for Sun Prairie Swallows : RHP Zane Reed
Pitching: RHP Zane Reed
Batting: SHB Manuel González 0-0: Ball
1-0: Fly out, F7 (Flyball, 7M)
Batting: RHB Pedro Jiménez 0-0: Ball
1-0: Called Strike
1-1: Foul Ball, location: 2F
1-2: Ball
2-2: Foul Ball, location: 2F
2-2: Fly out, F9 (Flyball, 9S)
Batting: RHB Domingo Calderón 0-0: Called Strike
0-1: Ball
1-1: Called Strike
1-2: Foul Ball, location: 2F
1-2: Foul Ball, location: 2F
1-2: Ball
2-2: Fly out, F7 (Flyball, 7M)
Bottom of the 1st over - 0 run(s), 0 hit(s), 0 error(s), 0 left on base; Sun Prairie 0 - Belvedere Park 0
TOP OF THE 2ND
Sun Prairie Swallows batting - Pitching for Belvedere Park Rawhides : RHP Álex Carrillo
Batting: RHB Scott Forrest 0-0: Called Strike
0-1: Ball
1-1: Ball
2-1: Swinging Strike
2-2: Strikes out swinging
Batting: RHB Marcos Rivera 0-0: Ground out 6-3 (Groundball, 6M)
Batting: RHB Reece White 0-0: Ball
1-0: DOUBLE (Line Drive, 89M)
Batting: RHB Joel Frazier 0-0: DOUBLE (Line Drive, 78M)
Reece White scores
Batting: RHB José Silva 0-0: Ball
1-0: Foul Ball, location: 2F
1-1: SINGLE (Groundball, 6MD) (infield hit)
Joel Frazier to third
Batting: RHB Bob Wilson 0-0: Swinging Strike
0-1: Ball
1-1: Ball
2-1: Foul Ball, location: 2F
2-2: Fly out, F8 (Flyball, 78XD)
Top of the 2nd over - 1 run(s), 3 hit(s), 0 error(s), 2 left on base; Sun Prairie 1 - Belvedere Park 0
BOTTOM OF THE 2ND
Belvedere Park Rawhides batting - Pitching for Sun Prairie Swallows : RHP Zane Reed
Batting: RHB Justin Miles 0-0: Called Strike
0-1: SOLO HOME RUN (Flyball, 7D), Distance : 393 ft
Batting: LHB Willie Brown 0-0: Ball
1-0: Ball
2-0: Ground out 3-1 (Groundball, 34S)
Batting: RHB Jim Burch 0-0: Ball
1-0: Called Strike
1-1: Ball
2-1: Foul Ball, location: 2F
2-2: Strikes out swinging
Batting: RHB Danny Penn 0-0: Called Strike
0-1: Ball
1-1: Called Strike
1-2: Strikes out swinging
Bottom of the 2nd over - 1 run(s), 1 hit(s), 0 error(s), 0 left on base; Sun Prairie 1 - Belvedere Park 1
TOP OF THE 3RD
Sun Prairie Swallows batting - Pitching for Belvedere Park Rawhides : RHP Álex Carrillo
Batting: RHB Luis Tapia 0-0: Called Strike
0-1: Ball
1-1: DOUBLE (Line Drive, 7LM)
Batting: SHB Chris Murray 0-0: Called Strike
0-1: Ball
Reached via error on a dropped throw, E3
Luis Tapia to third
Batting: RHB Darby Carveth 0-0: TRIPLE (Flyball, 89M)
Luis Tapia scores
Chris Murray scores
Batting: RHB Scott Forrest 0-0: Called Strike
0-1: Called Strike
0-2: Ball
1-2: Foul Ball, location: 2F
1-2: Foul Ball, location: 2F
1-2: Strikes out swinging
Batting: RHB Marcos Rivera 0-0: Ball
1-0: Foul Ball, location: 2F
1-1: SINGLE (Line Drive, 4MD)
Darby Carveth scores
Batting: RHB Reece White 0-0: Ball
1-0: Called Strike
1-1: Foul Ball, location: 2F
1-2: Ball
2-2: Ball
3-2: DOUBLE (Flyball, 7LM)
Marcos Rivera to third
Marcos Rivera scores
Batting: RHB Joel Frazier 0-0: Ball
1-0: Ball
2-0: Called Strike
2-1: Ball
3-1: Base on Balls
Batting: RHB José Silva 0-0: Ball
1-0: Foul Ball, location: 2F
1-1: Ball
2-1: Foul Ball, location: 2F
2-2: Strikes out swinging
Batting: RHB Bob Wilson 0-0: Ball
1-0: Ball
2-0: Ball
3-0: Called Strike
3-1: Ground out U3 (Groundball, 3)
Top of the 3rd over - 4 run(s), 4 hit(s), 1 error(s), 2 left on base; Sun Prairie 5 - Belvedere Park 1
BOTTOM OF THE 3RD
Belvedere Park Rawhides batting - Pitching for Sun Prairie Swallows : RHP Zane Reed
Batting: SHB Javier Valle 0-0: Fly out, F8 (Flyball, 8RM)
Batting: RHB César López 0-0: Foul Ball, location: 2F
0-1: TRIPLE (Line Drive, 7LS)
Batting: SHB Manuel González 0-0: Foul Ball, location: 2F
0-1: Called Strike
0-2: Ball
1-2: Fly out, F2 (Popup, 2RF)
Batting: RHB Pedro Jiménez 0-0: Ball
1-0: Ball
2-0: Called Strike
2-1: Foul Ball, location: 2F
2-2: Ball
3-2: SINGLE (Groundball, 56D) (infield hit)
César López scores
Batting: RHB Domingo Calderón 0-0: Ball
1-0: Ball
2-0: Foul Ball, location: 2F
2-1: Foul Ball, location: 2F
2-2: Foul Ball, location: 2F
2-2: Fly out, F7 (Flyball, 7M)
Bottom of the 3rd over - 1 run(s), 2 hit(s), 0 error(s), 1 left on base; Sun Prairie 5 - Belvedere Park 2
TOP OF THE 4TH
Sun Prairie Swallows batting - Pitching for Belvedere Park Rawhides : RHP Álex Carrillo
Batting: RHB Luis Tapia 0-0: Foul Ball, location: 2F
0-1: Ball
1-1: Ground out 6-3 (Groundball, 6)
Batting: SHB Chris Murray 0-0: Ball
1-0: Called Strike
1-1: SINGLE (Flyball, 89S)
Batting: RHB Darby Carveth 0-0: DOUBLE (Line Drive, 7M)
Chris Murray to third
Batting: RHB Scott Forrest 0-0: Ball
1-0: Fly out, F4 (Popup, 4M)
Batting: RHB Marcos Rivera 0-0: DOUBLE (Flyball, 89M)
Chris Murray scores
Darby Carveth scores
Pitching: LHP Juan Correa
Batting: RHB Reece White 0-0: Swinging Strike
0-1: Foul Ball, location: 2F
0-2: Strikes out swinging
Top of the 4th over - 2 run(s), 3 hit(s), 0 error(s), 1 left on base; Sun Prairie 7 - Belvedere Park 2
BOTTOM OF THE 4TH
Belvedere Park Rawhides batting - Pitching for Sun Prairie Swallows : RHP Zane Reed
Batting: RHB Justin Miles 0-0: Fly out, F9 (Flyball, 9S)
Batting: LHB Willie Brown 0-0: Ball
1-0: Called Strike
1-1: Fly out, F5 (Line Drive, 56)
Batting: RHB Jim Burch 0-0: Ball
1-0: Ground out 6-3 (Groundball, 6M)
Bottom of the 4th over - 0 run(s), 0 hit(s), 0 error(s), 0 left on base; Sun Prairie 7 - Belvedere Park 2
TOP OF THE 5TH
Sun Prairie Swallows batting - Pitching for Belvedere Park Rawhides : LHP Juan Correa
Batting: RHB Joel Frazier 0-0: Swinging Strike
0-1: Called Strike
0-2: Fly out, F6 (Popup, 56D)
Batting: RHB José Silva 0-0: SINGLE (Line Drive, 4MD)
Batting: RHB Bob Wilson 0-0: Ball
José Silva steals 2nd base
1-0: Ball
2-0: Foul Ball, location: 2F
2-1: Fly out, F7 (Line Drive, 7S)
Batting: RHB Luis Tapia 0-0: Ball
1-0: Ball
2-0: Ground out 5-3 (Groundball, 56)
Top of the 5th over - 0 run(s), 1 hit(s), 0 error(s), 1 left on base; Sun Prairie 7 - Belvedere Park 2
BOTTOM OF THE 5TH
Belvedere Park Rawhides batting - Pitching for Sun Prairie Swallows : RHP Zane Reed
Batting: RHB Danny Penn 0-0: Ball
1-0: Foul Ball, location: 2F
1-1: Called Strike
1-2: Fly out, F9 (Flyball, 9D)
Batting: SHB Javier Valle 0-0: Called Strike
0-1: Ball
1-1: Fly out, F7 (Flyball, 7M)
Batting: RHB César López 0-0: Ball
1-0: Foul Ball, location: 2F
1-1: Ball
2-1: Called Strike
2-2: Strikes out swinging
Bottom of the 5th over - 0 run(s), 0 hit(s), 0 error(s), 0 left on base; Sun Prairie 7 - Belvedere Park 2
TOP OF THE 6TH
Sun Prairie Swallows batting - Pitching for Belvedere Park Rawhides : LHP Juan Correa
Batting: SHB Chris Murray 0-0: Ball
1-0: Ball
2-0: Called Strike
2-1: Foul Ball, location: 2F
2-2: Ball
3-2: Ground out 6-3 (Groundball, 6MD)
Batting: RHB Darby Carveth 0-0: Ball
1-0: Fly out, F2 (Popup, 2LF)
Batting: RHB Scott Forrest 0-0: SINGLE (Groundball, 6MD)
Batting: RHB Marcos Rivera 0-0: Ball
1-0: Fly out, F2 (Popup, 2RF)
Top of the 6th over - 0 run(s), 1 hit(s), 0 error(s), 1 left on base; Sun Prairie 7 - Belvedere Park 2
BOTTOM OF THE 6TH
Belvedere Park Rawhides batting - Pitching for Sun Prairie Swallows : RHP Zane Reed
Batting: SHB Manuel González 0-0: Foul Ball, location: 2F
0-1: Swinging Strike
0-2: Ball
1-2: Fly out, F7 (Flyball, 78S)
Batting: RHB Pedro Jiménez 0-0: Ball
1-0: Ball
2-0: Ball
3-0: Base on Balls
Batting: RHB Domingo Calderón 0-0: Fly out, F2 (Popup, 2LF)
Batting: RHB Justin Miles 0-0: Called Strike
0-1: Swinging Strike
0-2: Ball
1-2: Ball
2-2: Foul Ball, location: 2F
2-2: Fielders Choice at 2nd, U6 (Groundball, 6M)
Bottom of the 6th over - 0 run(s), 0 hit(s), 0 error(s), 1 left on base; Sun Prairie 7 - Belvedere Park 2
TOP OF THE 7TH
Sun Prairie Swallows batting - Pitching for Belvedere Park Rawhides : LHP Juan Correa
Batting: RHB Reece White 0-0: Ball
1-0: Called Strike
1-1: Ball
2-1: Called Strike
2-2: Foul Ball, location: 2F
2-2: DOUBLE (Line Drive, 9LM)
Batting: RHB Joel Frazier 0-0: Ball
1-0: Swinging Strike
1-1: Ball
2-1: Fly out, F8 (Flyball, 89M)
Batting: RHB José Silva 0-0: Ball
1-0: Swinging Strike
1-1: SINGLE (Line Drive, 7S)
Reece White to third
Runner from 3rd tries for Home, SAFE, no throw or cutoff
Batting: RHB Bob Wilson 0-0: Ball
1-0: Called Strike
1-1: Fly out, F7 (Flyball, 7D)
Batting: RHB Luis Tapia 0-0: Called Strike
0-1: Ball
1-1: Ball
2-1: Called Strike
2-2: Foul Ball, location: 2F
2-2: Ball
3-2: Strikes out looking
Top of the 7th over - 1 run(s), 2 hit(s), 0 error(s), 1 left on base; Sun Prairie 8 - Belvedere Park 2
BOTTOM OF THE 7TH
Belvedere Park Rawhides batting - Pitching for Sun Prairie Swallows : RHP Zane Reed
Batting: LHB Willie Brown 0-0: Ball
1-0: Ground out U3 (Groundball, 3S)
Batting: RHB Jim Burch 0-0: Ball
1-0: Called Strike
1-1: SINGLE (Groundball, 56D)
Batting: RHB Danny Penn 0-0: Called Strike
0-1: Foul Ball, location: 2F
0-2: Ball
1-2: Ball
2-2: Ball
3-2: Fly out, F7 (Flyball, 7D)
Batting: SHB Javier Valle 0-0: Foul Ball, location: 2F
0-1: SINGLE (Line Drive, 4MD)
Jim Burch to second
Runner from 2nd tries for 3rd, SAFE, throw made to third
Javier Valle to second
Batting: RHB César López 0-0: Called Strike
0-1: Ball
1-1: Ball
2-1: Ball
3-1: Called Strike
3-2: Base on Balls
Batting: SHB Manuel González 0-0: Foul Ball, location: 2F
0-1: Swinging Strike
0-2: Foul Ball, location: 2F
0-2: Ball
1-2: Ball
2-2: SINGLE (Line Drive, 34D)
Jim Burch scores
Javier Valle to third
César López to second
Runner from 3rd tries for Home, SAFE, no throw or cutoff
Batting: RHB Pedro Jiménez 0-0: Ball
1-0: Swinging Strike
1-1: Fly out, F7 (Flyball, 7M)
Bottom of the 7th over - 2 run(s), 3 hit(s), 0 error(s), 2 left on base; Sun Prairie 8 - Belvedere Park 4
TOP OF THE 8TH
Sun Prairie Swallows batting - Pitching for Belvedere Park Rawhides : LHP Juan Correa
Batting: SHB Chris Murray 0-0: Called Strike
0-1: Hit by Pitch
Batting: RHB Darby Carveth 0-0: Ball
1-0: Fly out, F9 (Flyball, 89S)
Pitching: RHP Francisco Barrera
Batting: RHB Scott Forrest 0-0: Foul Ball, location: 2F
0-1: SINGLE (Groundball, 4MD)
Chris Murray to second
Runner from 2nd tries for 3rd, SAFE, throw made to third
Batting: RHB Marcos Rivera 0-0: Ball
1-0: SINGLE (Line Drive, 6M)
Chris Murray scores
Scott Forrest to second
Batting: RHB Reece White 0-0: Ball
1-0: Ball
2-0: Called Strike
2-1: Foul Ball, location: 2F
2-2: Grounds into double play, 6-4-3 (Groundball, 6)
Top of the 8th over - 1 run(s), 2 hit(s), 0 error(s), 1 left on base; Sun Prairie 9 - Belvedere Park 4
BOTTOM OF THE 8TH
Belvedere Park Rawhides batting - Pitching for Sun Prairie Swallows : RHP Zane Reed
Pitching: RHP Horacio Pérez
Batting: RHB Domingo Calderón 0-0: Ball
1-0: Ball
2-0: Fly out, F8 (Flyball, 8LM)
Batting: RHB Justin Miles 0-0: Swinging Strike
0-1: Ball
1-1: Foul Ball, location: 2F
1-2: Strikes out swinging
Batting: LHB Willie Brown 0-0: Called Strike
0-1: SINGLE (Line Drive, 78S)
Batting: RHB Jim Burch 0-0: Called Strike
0-1: Ball
1-1: Foul Ball, location: 2F
1-2: Strikes out swinging
Bottom of the 8th over - 0 run(s), 1 hit(s), 0 error(s), 1 left on base; Sun Prairie 9 - Belvedere Park 4
TOP OF THE 9TH
Sun Prairie Swallows batting - Pitching for Belvedere Park Rawhides : RHP Francisco Barrera
Pitching: RHP Aaron O'Neill
Batting: RHB Joel Frazier 0-0: Ball
1-0: Ball
2-0: SINGLE (Groundball, 5D)
Batting: RHB José Silva 0-0: Bunted foul
0-1: Bunted foul
0-2: Foul Ball, location: 2F
0-2: Fielders Choice at 2nd, 5-4 (Groundball, 5)
Batting: RHB Bob Wilson 0-0: Ball
José Silva steals 2nd base
1-0: Ball
2-0: Swinging Strike
2-1: Ground out 5-3 (Groundball, 56)
Batting: RHB Luis Tapia 0-0: Ground out 5-3 (Groundball, 5S)
Top of the 9th over - 0 run(s), 1 hit(s), 0 error(s), 1 left on base; Sun Prairie 9 - Belvedere Park 4
BOTTOM OF THE 9TH
Belvedere Park Rawhides batting - Pitching for Sun Prairie Swallows : RHP Horacio Pérez
Pitching: RHP Josh Parker
Now at 2B: Dan Hart
Batting: RHB Danny Penn 0-0: Ball
1-0: Called Strike
1-1: Foul Ball, location: 2F
1-2: Strikes out looking
Batting: SHB Javier Valle 0-0: SOLO HOME RUN (Flyball, 89XD), Distance : 402 ft
Batting: RHB César López 0-0: SINGLE (Line Drive, 4D)
Batting: SHB Manuel González 0-0: Ball
1-0: Ball
2-0: Grounds into double play, 6-4-3 (Groundball, 6)
Bottom of the 9th over - 1 run(s), 2 hit(s), 0 error(s), 0 left on base; Sun Prairie 9 - Belvedere Park 5
This league is powered by Out of the Park Baseball, the baseball management simulation game for PC, Mac and Linux
Friday, July 8th, 2016 - OOTP Baseball 16.9 Build 39